AoeStats
← KaOT

Highland

503880559Analyzed
4v4 RM · 1mo ago on Sep 2, 2026· 52m 22s· 8 players
Game mode
Random Map
Map size
Large (8 player)
Population
200
Speed
Normal
Resources
Standard
Victory
Conquest
Starting age
Dark Age
Ending age
Imperial Age
RankedLock teamsTeams togetherTeam positionsShared explorationLock speedFull tech treeHidden civsTurbo modeCheats
Victory
Defeat
🇹🇷 Hindustanis · Türkiye
962
+16
🇩🇪 Tatars · Germany
961
+16
🇩🇪 Goths · Germany
960
+16
🇫🇷 Malay · France
945
+17
🇩🇪 Burgundians · Germany
985
-17
🇹🇷 Romans · Türkiye
969
-17
🇹🇷 Poles · Türkiye
945
-15
🇨🇱 Celts · Chile
937
-15
We need to cook
6:56 Loom
10:46 Feudal Age
11:20 Double-Bit Axe
16:33 Castle Age
16:07 Horse Collar
17:25 Bow Saw
18:12 Stone Mining
20:01 Wheelbarrow
26:41 Hand Cart
26:36 Heavy Plow
27:48 Gold Mining
28:18 Bloodlines
28:08 Husbandry
29:20 Gold Shaft Mining
30:50 Forging
30:45 Scale Barding Armor
34:38 Imperial Age
34:49 Iron Casting
34:27 Silk Armor
34:21 Fletching
35:28 Chain Barding Armor
36:11 Crop Rotation
37:24 Blast Furnace
38:39 Plate Barding Armor
38:00 Bodkin Arrow
40:11 Padded Archer Armor
41:12 Bracer
42:14 Ballistics
42:57 Chemistry
42:36 Ballistics
42:34 Light Cavalry
44:10 Conscription
43:35 Hussar
46:49 Town Watch
48:07 Elite Keshik
49:09 Padded Archer Armor
50:11 Heavy Cavalry Archer
50:27 Heavy Camel Rider
Faerith
3:24 Loom
11:16 Feudal Age
12:05 Double-Bit Axe
12:11 Fishing Lines
19:43 Castle Age
18:23 Wheelbarrow
18:48 Horse Collar
19:34 Town Watch
20:45 Gillnets
23:05 Hand Cart
23:34 Medium Warships
26:15 Bow Saw
26:42 Gold Mining
26:42 Stone Mining
27:34 Fervor
30:10 Forging
30:00 Scale Mail Armor
30:07 Squires
30:45 Town Patrol
31:12 Heavy Plow
35:28 Imperial Age
34:08 Caravan
35:41 Stone Shaft Mining
35:09 Anarchy
35:50 Iron Casting
35:30 Chain Mail Armor
36:47 Conscription
37:14 Elite Huskarl
37:56 Perfusion
38:54 Heavy Warships
38:16 Capped Ram
42:48 Blast Furnace
42:58 Crop Rotation
43:31 Two-Man Saw
42:22 Pikeman
44:06 Halberdier
46:08 Ballistics
46:49 Chemistry
45:46 Murder Holes
46:02 Masonry
53:02 Scale Barding Armor
52:48 Fletching
52:58 Padded Archer Armor
niyazifatihalbayrak
13:54 Feudal Age
12:10 Loom
15:14 Double-Bit Axe
19:32 Castle Age
18:52 Forging
18:48 Scale Barding Armor
19:20 Gold Mining
19:12 Horse Collar
25:07 Bow Saw
28:17 Wheelbarrow
28:57 Iron Casting
28:42 Chain Barding Armor
28:28 Heavy Plow
29:26 Gold Shaft Mining
28:54 Town Watch
29:50 Husbandry
30:00 Bloodlines
31:29 Chain Barding Armor
31:47 Hand Cart
31:32 Town Patrol
33:33 Stone Mining
37:09 Imperial Age
37:20 Heavy Camel Rider
39:02 Blast Furnace
38:37 Plate Barding Armor
39:05 Chemistry
38:10 Siege Engineers
39:07 Imperial Camel Rider
40:58 Two-Man Saw
40:39 Coinage
40:09 Caravan
41:04 Caravan
42:55 Ballistics
43:17 Banking
Recoom06
7:37 Loom
9:45 Feudal Age
10:26 Wheelbarrow
14:25 Double-Bit Axe
18:26 Castle Age
17:16 Horse Collar
20:07 Bow Saw
22:59 Crossbowman
24:12 Fletching
26:15 Bodkin Arrow
29:50 Padded Archer Armor
30:48 Leather Archer Armor
31:40 Heavy Plow
32:04 Town Watch
32:34 Hand Cart
33:16 Ballistics
39:03 Imperial Age
36:36 Town Patrol
37:12 Thumb Ring
38:32 Bracer
37:53 Arbalester
40:26 Conscription
41:08 Crop Rotation
42:41 Forging
42:36 Scale Barding Armor
44:13 Capped Ram
46:02 Forced Levy
46:39 Iron Casting
47:31 Ring Archer Armor
47:05 Squires
46:26 Man-at-Arms
46:53 Arson
47:32 Long Swordsman
48:32 Two-Handed Swordsman
52:05 Blast Furnace
Mapuche Mayer
2:40 Loom
kmlstc
9:28 Loom
12:19 Feudal Age
18:01 Castle Age
17:49 Double-Bit Axe
25:01 Horse Collar
27:13 Heavy Plow
27:24 Bow Saw
28:23 Gold Mining
30:23 Wheelbarrow
35:38 Imperial Age
32:54 Town Watch
35:01 Ballistas
35:08 Caravan
35:55 Ballistics
37:36 Heavy Scorpion
38:34 Capped Ram
39:41 Conscription
39:42 Comitatenses
38:42 Elite Centurion
40:30 Chemistry
39:40 Fortified Wall
40:10 Crop Rotation
40:19 Gold Shaft Mining
39:34 Stone Mining
45:48 Onager
45:52 Light Cavalry
45:52 Cavalier
46:33 Husbandry
46:43 Bloodlines
KaOT
11:15 Feudal Age
10:03 Double-Bit Axe
14:13 Gold Mining
19:22 Castle Age
18:10 Horse Collar
18:43 Bow Saw
18:42 Scale Barding Armor
19:49 Heavy Plow
25:04 Forging
24:39 Cavalier
28:22 Chain Barding Armor
31:15 Iron Casting
38:30 Imperial Age
39:32 Onager
43:27 Crop Rotation
45:16 Paladin
kcfth
10:13 Feudal Age
15:36 Castle Age
13:46 Double-Bit Axe
13:43 Horse Collar
22:55 Husbandry
24:15 Forging
25:43 Scale Mail Armor
26:36 Heavy Plow
28:25 Iron Casting
34:25 Chain Mail Armor
34:16 Scale Barding Armor
37:05 Imperial Age
34:51 Bow Saw
34:33 Gold Mining
35:51 Bloodlines
35:01 Light Cavalry
37:56 Chain Barding Armor
37:09 Winged Hussar
40:27 Blast Furnace
39:58 Plate Mail Armor
42:41 Lechitic Legacy
42:41 Conscription
45:49 Szlachta Privileges
Connection lost

Rejoining the realm…

Still unreachable

The connection could not be restored.

Session expired

The server has moved on; the page needs a fresh start.